Map: Ruins of Endion

Players

EruptioN - Winner!

  • Race: Terran Terran
  • League: Master

Miszu

  • Race: Terran Terran
  • League: Grandmaster

VOD

Have the link to the VOD?

Description

Time

  • Played on: May 20, 2016, 2:52 p.m.
  • Length: 6:06
Show
View Real Time Build Order
Export as new Build Order

EruptioN Terran - Winner!

Build Orders: 1/1/1, Hellion Opening 

Get SALT Encoding   

  12  0:00  SCV  
  13  0:13  SCV  
  14  0:18  Supply Depot  
  14  0:25  SCV  
  14  0:28  Refinery  
  15  0:39  SCV  
  16  0:45  Barracks  
  16  0:51  SCV  
  16  0:56  Refinery  
  18  1:04  SCV  
  18  1:16  SCV  
  19  1:32  Factory, Orbital Command  
  19  1:35  Barracks Reactor  
  19  1:43  Supply Depot  
  19  1:57  SCV  
  20  2:09  SCV  
  21  2:19  Starport  
  21  2:21  Barracks Tech Lab, SCV  
  22  2:23  Hellion  
  22  2:26  Hellion  
  26  2:46  Supply Depot  
  26  2:47  SCV  
  26  2:49  Hellion x2  
  31  2:58  Factory  
  31  3:07  Raven  
  33  3:13  Supply Depot  
  33  3:19  Hellion  
  35  3:24  Hellion  
  37  3:28  SCV  
  38  3:43  Supply Depot  
  38  3:55  Siege Tank  
  41  3:58  Viking  
  43  4:03  Armory  
  41  4:16  Hellion x2  
  43  4:22  SCV  
  44  4:33  Siege Tank  
  44  4:37  Viking  
  49  4:45  Hellion  
  51  4:52  Hellion  
  45  5:21  SCV  
  45  5:28  Siege Tank  
  45  5:29  Viking  
Show
View Real Time Build Order
Export as new Build Order

Miszu Terran 

Build Orders: 1/1/1 

Get SALT Encoding   

  12  0:00  SCV  
  13  0:12  SCV  
  14  0:18  Supply Depot  
  14  0:25  SCV  
  14  0:27  Refinery  
  15  0:39  SCV  
  16  0:46  Barracks  
  16  0:51  SCV  
  16  0:56  Refinery  
  17  1:04  SCV  
  18  1:16  SCV  
  19  1:28  SCV  
  20  1:33  Factory, Reaper  
  21  1:40  Orbital Command  
  21  1:49  Supply Depot  
  21  2:05  Reaper  
  21  2:06  SCV  
  23  2:18  Starport  
  23  2:20  Hellion  
  23  2:21  SCV  
  26  2:28  Supply Depot  
  26  2:34  SCV  
  27  2:41  Reaper  
  27  2:42  Hellion  
  30  2:46  SCV  
  31  2:55  Medivac  
  33  3:08  Hellion  
  35  3:15  Command Center  
  35  3:19  Barracks Tech Lab  
  35  3:21  SCV  
  36  3:27  Engineering Bay  
  36  3:35  Viking  
  36  3:36  SCV  
  39  3:43  Factory Tech Lab  
  39  3:46  Barracks Reactor  
  39  3:51  Supply Depot  
  39  3:58  Missile Turret  
  39  4:13  SCV  
  39  4:19  Siege Tank  
  39  4:21  Viking  
  44  4:25  SCV  
  44  4:26  Marine x2  
  44  4:28  Orbital Command  
  47  4:36  Bunker  
  48  4:50  Orbital Command  
  48  4:51  Viking, Siege Tank  
  52  5:00  Marine x2  
  52  5:03  Bunker  
  53  5:17  Marine  
  53  5:18  Marine  
  47  5:22  Viking  
  47  5:23  Siege Tank  
  47  5:24  SCV x2  
  53  5:36  SCV  
  53  5:38  Marine x2  
Tags
 
Add a new tag
Caveats
  • Supply blocks, unpowered buildings, or Contaminate may cause inaccurate times.
  • Supply counts are checked every 10 seconds.